 Dungeon Crawl Stone Soup version 0.28.0-53-g5a82cb258f (webtiles) character file.

Game seed: 807498567788111853

49 Revguard the Sneak (level 3, 0/18 HPs)
             Began as a Vine Stalker Brigand on May 27, 2022.
             Slain by a ball python (2 damage)
             ... on level 2 of the Dungeon.
             The game lasted 00:03:57 (1220 turns).

Revguard the Sneak (Vine Stalker Brigand)           Turns: 1220, Time: 00:03:59

Health: 0/18       AC: 11    Str: 13    XL:     3   Next: 77%
Magic:  0/5        EV:  9    Int: 11    God:
Gold:   41         SH:  0    Dex: 17    Spells: 3/3 levels left

rFire   . . .      SeeInvis .   i - +0 short sword (protect)
rCold   . . .      Faith    .   (no shield)
rNeg    . . .      Spirit   +   b - +0 robe
rPois   .          Reflect  .   (no helmet)
rElec   .          Harm     .   c - +0 cloak
rCorr   .          Rampage  .   f - +0 pair of gloves
Will    .....                   (no boots)
Stlth   +++.......              (no amulet)
HPRegen 0.06/turn               (no ring)
MPRegen 0.09/turn               (no ring)

@: under a protective aura, constricted
A: fangs 2, magic shield, antimagic bite, no potion heal 2
a: no special abilities


You were on level 2 of the Dungeon.
You visited 1 branch of the dungeon, and saw 2 of its levels.

You collected 41 gold pieces.

Inventory:

Hand Weapons
 a - a +2 dagger
 i - a +0 short sword of protection (weapon)
Missiles
 d - 8 poisoned darts (quivered)
 e - 2 curare-tipped darts
Armour
 b - a +0 robe (worn)
 c - a +0 cloak (worn)
 f - a +0 pair of gloves (worn)
Scrolls
 h - a scroll of fear {unknown}
 k - a scroll of vulnerability {unknown}
 l - a scroll of identify {unknown}
 m - a scroll of immolation {unknown}
Potions
 j - a potion of mutation {unknown}


   Skills:
 + Level 2.1 Fighting
 + Level 2.1 Short Blades
 + Level 2.1 Throwing
 + Level 0.6 Armour
 + Level 1.1 Dodging
 + Level 5.1 Stealth
 + Level 0.9 Spellcasting
 + Level 0.7 Poison Magic


You had 3 spell levels left.
You didn't know any spells.
Your spell library was empty.

Dungeon Overview and Level Annotations

Branches:
Dungeon (2/15)

Altars:

Annotations:
D:2 Terence


Innate Abilities, Weirdness & Mutations

You have extremely sharp teeth.
When hurt, damage is shared between your health and your magic reserves.
Your bite disrupts and absorbs the magic of your enemies.
Potions cannot restore your health.


Message History

You kill the adder!
The jackal barely misses you. The jackal closely misses you.
The jackal bites you but does no damage.
You hit the endoplasm.
You kill the endoplasm!
The jackal closely misses you. The jackal misses you.
The jackal barely misses you. The rat closely misses you.
The jackal bites you but does no damage.
You see here an adder corpse.
You hit the jackal.
You kill the jackal!
The jackal barely misses you. The rat completely misses you.
The jackal bites you but does no damage.
You closely miss the rat. The rat misses you. The rat closely misses you.
The jackal bites you but does no damage.
You hit the rat. Your bite misses the rat.
The rat is heavily wounded.
The rat barely misses you. The jackal barely misses you.
The rat bites you but does no damage.
You barely miss the rat.
The rat is heavily wounded.
The jackal misses you. The rat bites you but does no damage.
The rat barely misses you. The jackal bites you.
You closely miss the rat. Your bite misses the rat.
The rat is heavily wounded.
The rat barely misses you. The rat bites you but does no damage.
The jackal barely misses you.
You hit the jackal. You bite the jackal.
You kill the jackal!
The rat bites you.
* * * LOW HITPOINT WARNING * * *
The rat closely misses you.
You completely miss the ball python. The ball python bites you.
* * * LOW HITPOINT WARNING * * *
The ball python grabs you. The ball python constricts you.
The rat bites you but does no damage. The rat bites you.
* * * LOW HITPOINT WARNING * * *
The ball python bites you.
You die...

..... ......
......
......#
##.?....#
#K......##.
##rw.......
#@rr.....#
#S#l.....#
####h#......#
##h.....#..##
#.........##
#..........#
#..........#
#..........#
#..........#


You could see a dart slug, a quokka, a jackal, a ball python, a kobold, a
frilled lizard and 2 rats.

Vanquished Creatures
  An adder (D:2)
  A gnoll (D:1)
  A dart slug (D:2)
  4 endoplasms
  2 giant cockroaches
  2 hobgoblins (D:1)
  3 jackals (D:2)
  2 kobolds (D:1)
  A quokka (D:1)
  3 ball pythons
  3 bats (D:1)
  A frilled lizard (D:1)
  A goblin (D:1)
  4 rats (D:1)
29 creatures vanquished.

Notes
Turn   | Place    | Note
-------+----------+-------------------------------------------
     0 | D:1      | Revguard the Vine Stalker Brigand began the quest for the
                  | Orb.
     0 | D:1      | Reached XP level 1. HP: 11/11 MP: 2/2
   173 | D:1      | Reached XP level 2. HP: 15/15 MP: 3/3
   398 | D:1      | Reached skill level 1 in Dodging
   579 | D:1      | Reached skill level 5 in Stealth
   579 | D:1      | Reached XP level 3. HP: 8/18 MP: 1/4
   757 | D:1      | Found a faded altar of an unknown god.
  1176 | D:2      | Noticed Terence
  1220 | D:2      | Slain by a ball python

Illustrated notes

Levels and vault maps discovered:
D:1:      psy_arrival_dodecagon, layout_loops_ring,
          nicolae_ecumenical_lake_church
D:2:      layout_rooms, uniq_terence, uniq_jessica

Skill      XL: |  1  2 |
---------------+-------+-----
Dodging        | 1 |  1.1
Fighting       | 2 |  2.1
Short Blades   | 2 |  2.1
Throwing       | 2 |  2.1
Stealth        | 5 |  5.1
Armour         | |  0.6
Spellcasting   | |  0.9
Poison Magic   | |  0.7

Action                   || total
-------------------------++-------
Melee: Dagger            ||    28
       Short sword       ||    65
       Bite              ||    14
       Punch             ||     1
  Use: Scroll            ||     1
 Stab: Sleeping          ||    14
Armor: Robe              ||    63
Dodge: Dodged            ||   102
